 Dungeon Crawl Stone Soup version 0.29-a0-369-gd956c00756 (webtiles) character file.

Game seed: 3357747723517872087

19991 frimble the Slicer (level 12, -5/97 HPs)
             Began as a Gnoll Cinder Acolyte on May 2, 2022.
             Was an Elder of Ignis.
             Slain by an entropy weaver simulacrum (9 damage)
             ... in an ice cave.
             The game lasted 00:27:04 (15604 turns).

frimble the Slicer (Gnoll Cinder Acolyte)          Turns: 15604, Time: 00:27:04

Health: -5/97      AC: 17    Str: 13    XL:     12   Next: 74%
Magic:  24/24      EV: 16    Int: 18    God:    Ignis [****..]
Gold:   752        SH:  0    Dex:  9    Spells: 16/27 levels left

rFire   + + .      SeeInvis .   x - +4 demon whip (venom)
rCold   + . .      Faith    .   (no shield)
rNeg    + . .      Spirit   .   w - +5 ring mail of the Eternal Void {rF+ rN+ Slay+5}
rPois   .          Reflect  .   l - +2 hat
rElec   .          Harm     .   (no cloak)
rCorr   .          Rampage  .   d - +2 pair of gloves
Will    .....                   (no boots)
Stlth   +++.......              (no amulet)
HPRegen 0.26/turn               h - +4 ring of evasion
MPRegen 0.19/turn               n - ring of protection from cold

@: no status effects
A: fangs 1, strong nose, distributed training
a: Renounce Religion, Fiery Armour, Foxfire Swarm, Rising Flame


You were in an ice cave.
You worshipped Ignis.
Ignis was greatly pleased with you.
You visited 2 branches of the dungeon, and saw 14 of its levels.
You also visited: Sewer and Ice Cave.

You collected 772 gold pieces.
You spent 20 gold pieces at shops.

Inventory:

Hand Weapons
 v - a +4 rapier of protection
 x - a +4 demon whip of venom (weapon)
Missiles
 c - 6 javelins (quivered)
 B - 2 throwing nets
Armour
 d - a +2 pair of gloves (worn)
 l - a +2 hat (worn)
 w - the +5 ring mail of the Eternal Void (worn) {rF+ rN+ Slay+5}
   (You found it on level 5 of the Dungeon)

   Slay:      It affects your accuracy & damage with ranged weapons and melee
   (+5).
   rF:        It protects you from fire.
   rN:        It protects you from negative energy.
Jewellery
 h - a +4 ring of evasion (left hand)
 k - a +4 ring of evasion
 n - a ring of protection from cold (right hand)
 s - a ring of poison resistance
Wands
 j - a wand of digging (11)
 q - a wand of acid (4)
 D - a wand of polymorph (4)
 F - a wand of mindburst (10)
Scrolls
 m - a scroll of holy word
 p - 4 scrolls of fear
 y - 2 scrolls of immolation
 A - a scroll of summoning
 C - 3 scrolls of blinking
 E - a scroll of silence
Potions
 a - a potion of resistance
 b - a potion of berserk rage
 e - 4 potions of haste
 f - 5 potions of might
 g - 3 potions of lignification
 i - 6 potions of curing
 o - 3 potions of flight
 r - a potion of magic
 t - a potion of attraction {unknown}
 u - 2 potions of cancellation {unknown}
 z - 5 potions of heal wounds {unknown}


   Skills:
 + Level 10.1 Fighting
 + Level 10.1 Short Blades
 + Level 7.6 Long Blades
 + Level 7.6 Axes
 + Level 7.6 Maces & Flails
 + Level 7.6 Polearms
 + Level 7.6 Staves
 + Level 7.6 Slings
 + Level 7.6 Bows
 + Level 7.6 Crossbows
 + Level 7.6 Throwing
 + Level 7.6 Armour
 + Level 7.6 Dodging
 + Level 7.6 Stealth
 + Level 7.6 Shields
 + Level 7.6 Unarmed Combat
 + Level 8.1 Spellcasting
 + Level 6.3 Conjurations
 + Level 6.3 Hexes
 + Level 6.3 Summonings
 + Level 6.3 Necromancy
 + Level 6.3 Translocations
 + Level 6.3 Transmutations
 + Level 8.4 Fire Magic
 + Level 6.3 Ice Magic
 + Level 6.3 Air Magic
 + Level 6.3 Earth Magic
 + Level 6.3 Poison Magic
 + Level 8.3 Invocations
 + Level 7.6 Evocations


You had 16 spell levels left.
You knew the following spells:

 Your Spells              Type           Power      Damage    Failure   Level
a - Scorch                Fire           74%        2d9       1%          2
b - Apportation           Tloc           60%        N/A       1%          1
c - Poisonous Vapours     Pois/Air       60%        N/A       1%          2
d - Olgreb's Toxic Radia  Pois           30%        N/A       14%         4
e - Blink                 Tloc           60%        N/A       1%          2

Your spell library contained the following spells:

 Spells                   Type           Power      Damage    Failure   Level
 Animate Skeleton         Necr           60%        N/A       1%          1
 Beastly Appendage        Tmut           60%        N/A       1%          1
 Magic Dart               Conj           100%       1d8       1%          1
 Pain                     Necr           100%       1d9       1%          1
 Sting                    Tmut/Pois      100%       1d8       1%          1
 Summon Small Mammal      Summ           100%       N/A       1%          1
 Searing Ray              Conj           60%        2d6       1%          2
 Wereblood                Tmut           30%        N/A       1%          2
 Gell's Gravitas          Tloc           30%        N/A       4%          3
 Lesser Beckoning         Tloc           30%        N/A       4%          3
 Spider Form              Tmut/Pois      30%        N/A       4%          3
 Teleport Other           Tloc           30%        N/A       4%          3
 Vampiric Draining        Necr           30%        2d8       4%          3
 Fulminant Prism          Conj/Hex       15%        3d11      14%         4
 Freezing Cloud           Conj/Ice/Air   15%        6-21      36%         5
 Manifold Assault         Tloc           30%        N/A       36%         5
 Dispersal                Tloc           15%        N/A       91%         6
 Simulacrum               Ice/Necr       15%        N/A       91%         6
 Polar Vortex             Ice            15%        N/A       100%        9


Dungeon Overview and Level Annotations

Branches:
Dungeon (11/15)            Temple (0/1) D:4            Lair (3/6) D:8
 Shoals (0/4) Lair:2        Snake (0/4) Lair:2          Orc (0/2) D:10
  Sewer (visited)           IceCv (1/1)

Altars:
Dithmenos
Trog
Jiyva

Shops:
D:1 *   D:6 :

Annotations:
D:3 1 runed translucent door, Crazy Yiuf, Ijyb
D:8 2 transporters
D:9 2 transporters, HuGe's ghost, novice MiBe


Innate Abilities, Weirdness & Mutations

You have very sharp teeth.
Your uncanny sense of smell can sniff out nearby items.
Your experience applies equally to all skills.


Message History

The entropy weaver simulacrum freezes you!
You resist.
The entropy weaver simulacrum hits you but does no damage.
The entropy weaver simulacrum barely misses you.
The entropy weaver simulacrum hits you!
The entropy weaver simulacrum freezes you!
You resist.
You barely miss the ice devil.
The ice devil is heavily wounded.
You whack the ice devil! You bite the ice devil.
The ice devil is severely wounded.
The ice devil barely misses you.
The entropy weaver simulacrum hits you but does no damage.
The entropy weaver simulacrum closely misses you.
The entropy weaver simulacrum misses you.
The entropy weaver simulacrum completely misses you.
You hit the ice devil.
The ice devil is poisoned.
The ice devil is severely wounded.
The ice devil closely misses you. The entropy weaver simulacrum hits you!
The entropy weaver simulacrum freezes you!
You resist.
The entropy weaver simulacrum completely misses you.
The entropy weaver simulacrum closely misses you.
The entropy weaver simulacrum hits you.
The entropy weaver simulacrum freezes you!
You resist.
* * * LOW HITPOINT WARNING * * *
You whack the ice devil! You bite the ice devil.
You kill the ice devil!
The entropy weaver simulacrum barely misses you.
The entropy weaver simulacrum hits you.
* * * LOW HITPOINT WARNING * * *
The entropy weaver simulacrum freezes you!
You resist.
* * * LOW HITPOINT WARNING * * *
The entropy weaver simulacrum hits you!
* * * LOW HITPOINT WARNING * * *
The entropy weaver simulacrum freezes you!
You resist.
You die...

##...###.##
######..# #
##..## #.
##...# #.
##...## #.
##...## #..
#...##
#..#Z.##
#....@#
##...##
#####


You could see an entropy weaver simulacrum.

Vanquished Creatures
  A hydra (Lair:2)
  A boulder beetle (D:9)
  A two-headed ogre (D:9)
  Erica (Lair:2)
  A centaur warrior (D:10)
  A tengu warrior (D:10)
  Urug (Lair:2)
  Amaemon (D:8)
  2 merfolk sirens (Lair:2)
  Joseph (Lair:1)
  A black mamba (Lair:3)
  An orange demon (D:8)
  2 cane toads (Lair:2)
  A komodo dragon (Lair:2)
  Psyche (D:11)
  An entropy weaver simulacrum (IceCv)
  2 ice devils (IceCv)
  A troll (D:10)
  2 merfolk (Lair:2)
  5 blink frogs (Lair:2)
  Sigmund (D:3)
  A vampire (D:9)
  14 yaks
  2 wyverns
  A wraith (D:11)
  4 death yak simulacra
  A naga (Lair:2)
  An acid dragon (D:10)
  7 water moccasins
  8 black bears
  2 ice beasts
  2 orc warriors
  15 wolves
  4 centaurs
  A phantom (D:6)
  3 kobold brigands (D:7)
  A scorpion (D:6)
  12 bullfrogs
  A necrophage (D:6)
  A gnoll sergeant (D:10)
  2 cane toad simulacra (IceCv)
  4 wights (D:7)
  4 elephant simulacra
  11 killer bees
  7 howler monkeys
  3 electric eels
  A lava snake (D:10)
  3 hounds
  2 jellies (D:4)
  2 gnoll shamans
  4 orc priests
  Terence (D:3)
  12 orc wizards
  A troll simulacrum (IceCv)
  2 polar bear simulacra (IceCv)
  Robin (D:3)
  16 gnolls
  15 adders
  2 river rats
  2 white imps (IceCv)
  3 ufetubi
  2 worms (D:2)
  4 dart slugs
  35 orcs
  4 bats
  7 endoplasms
  8 giant cockroaches
  14 goblins
  6 hobgoblins
  11 kobolds
  A quokka (D:2)
  5 ball pythons
  8 frilled lizards
  14 rats
327 creatures vanquished.

Vanquished Creatures (others)
  9 foxfires (IceCv)
  27 fungi
  20 plants
56 creatures vanquished.

Grand Total: 383 creatures vanquished

Notes
Turn   | Place    | Note
-------+----------+-------------------------------------------
     0 | D:1      | frimble the Gnoll Cinder Acolyte began the quest for the
                  | Orb.
     0 | D:1      | Reached XP level 1. HP: 23/23 MP: 4/4
   129 | D:1      | Found Rikhleto's General Store.
   137 | D:1      | Bought a scroll of identify for 20 gold pieces
   147 | D:1      | Reached XP level 2. HP: 29/29 MP: 5/5
   187 | D:1      | Learned a level 2 spell: Scorch
  1073 | D:1      | Reached XP level 3. HP: 27/35 MP: 7/7
  1330 | D:2      | Reached skill level 1 in Invocations
  1359 | D:2      | Reached skill level 1 in Long Blades
  1359 | D:2      | Reached skill level 1 in Axes
  1359 | D:2      | Reached skill level 1 in Maces & Flails
  1359 | D:2      | Reached skill level 1 in Polearms
  1359 | D:2      | Reached skill level 1 in Staves
  1359 | D:2      | Reached skill level 1 in Slings
  1359 | D:2      | Reached skill level 1 in Bows
  1359 | D:2      | Reached skill level 1 in Crossbows
  1359 | D:2      | Reached skill level 1 in Throwing
  1359 | D:2      | Reached skill level 1 in Armour
  1359 | D:2      | Reached skill level 1 in Dodging
  1359 | D:2      | Reached skill level 1 in Stealth
  1359 | D:2      | Reached skill level 1 in Shields
  1359 | D:2      | Reached skill level 1 in Unarmed Combat
  1359 | D:2      | Reached skill level 1 in Evocations
  1434 | D:2      | Reached XP level 4. HP: 16/41 MP: 1/8
  1860 | D:2      | Learned a level 1 spell: Apportation
  1896 | D:2      | Learned a level 2 spell: Poisonous Vapours
  1974 | D:2      | Reached skill level 1 in Conjurations
  1974 | D:2      | Reached skill level 1 in Hexes
  1974 | D:2      | Reached skill level 1 in Summonings
  1974 | D:2      | Reached skill level 1 in Necromancy
  1974 | D:2      | Reached skill level 1 in Translocations
  1974 | D:2      | Reached skill level 1 in Transmutations
  1974 | D:2      | Reached skill level 1 in Ice Magic
  1974 | D:2      | Reached skill level 1 in Air Magic
  1974 | D:2      | Reached skill level 1 in Earth Magic
  1974 | D:2      | Reached skill level 1 in Poison Magic
  2105 | D:3      | Noticed Terence
  2250 | D:3      | Noticed Robin
  2290 | D:2      | Reached XP level 5. HP: 36/47 MP: 3/9
  2614 | D:3      | Killed Robin
  2810 | D:3      | Noticed Sigmund
  2836 | D:3      | Killed Sigmund
  2837 | D:3      | Reached XP level 6. HP: 50/53 MP: 3/11
  2842 | D:3      | Learned a level 4 spell: Olgreb's Toxic Radiance
  2927 | D:3      | Killed Terence
  3195 | D:3      | Found a runed translucent door.
  3196 | D:3      | Noticed Crazy Yiuf
  3234 | D:3      | Noticed Ijyb
  3562 | D:3      | Reached XP level 7. HP: 59/59 MP: 9/12
  3822 | D:4      | Found a staircase to the Ecumenical Temple.
  4299 | D:4      | Identified the +1 leather armour "Uxzof" {rElec rC+ rN+
                  | SInv}
  4743 | D:5      | Entered Level 5 of the Dungeon
  5188 | D:5      | Reached XP level 8. HP: 51/67 MP: 11/14
  5362 | D:5      | Identified the +5 ring mail of the Eternal Void {rF+ rN+
                  | Slay+5}
  6378 | D:6      | Found a shadowy altar of Dithmenos.
  6541 | D:6      | Found a glowing drain.
  6555 | Sewer    | Entered a sewer
  6999 | D:6      | Reached XP level 9. HP: 69/72 MP: 16/16
  7511 | D:6      | Found Rapofo Epig's Book Shoppe.
  7604 | D:7      | Reached skill level 5 in Spellcasting
  8587 | D:7      | Reached skill level 5 in Invocations
  8732 | D:8      | Found a transporter.
  8890 | D:8      | Reached XP level 10. HP: 68/80 MP: 18/18
  8941 | D:8      | Found a staircase to the Lair.
  8961 | D:8      | Reached skill level 5 in Long Blades
  8961 | D:8      | Reached skill level 5 in Axes
  8961 | D:8      | Reached skill level 5 in Maces & Flails
  8961 | D:8      | Reached skill level 5 in Polearms
  8961 | D:8      | Reached skill level 5 in Staves
  8961 | D:8      | Reached skill level 5 in Slings
  8961 | D:8      | Reached skill level 5 in Bows
  8961 | D:8      | Reached skill level 5 in Crossbows
  8961 | D:8      | Reached skill level 5 in Throwing
  8961 | D:8      | Reached skill level 5 in Armour
  8961 | D:8      | Reached skill level 5 in Dodging
  8961 | D:8      | Reached skill level 5 in Stealth
  8961 | D:8      | Reached skill level 5 in Shields
  8961 | D:8      | Reached skill level 5 in Unarmed Combat
  8961 | D:8      | Reached skill level 5 in Evocations
  9060 | D:8      | Noticed Amaemon
  9063 | D:8      | Noticed an orange demon
  9070 | D:8      | Killed Amaemon
  9075 | D:8      | Killed an orange demon
  9385 | D:8      | Found a transporter.
  9472 | D:8      | Found a viscous altar of Jiyva.
  9949 | D:9      | Noticed a boulder beetle
  9967 | D:9      | Killed a boulder beetle
  9968 | D:9      | Reached XP level 11. HP: 85/87 MP: 9/20
 10037 | D:9      | Found a transporter.
 10045 | D:9      | Noticed a deep troll
 10045 | D:9      | Noticed HuGe's ghost (novice MiBe)
 10047 | D:9      | Noticed a two-headed ogre
 10185 | D:9      | Noticed a two-headed ogre
 10186 | D:9      | Noticed a moth of wrath
 10186 | D:9      | Noticed a two-headed ogre
 10189 | D:9      | Found a bloodstained altar of Trog.
 10208 | D:9      | Found a transporter.
 10429 | D:10     | Entered Level 10 of the Dungeon
 10490 | D:10     | Noticed a centaur warrior
 10510 | D:10     | Reached skill level 5 in Conjurations
 10510 | D:10     | Reached skill level 5 in Hexes
 10510 | D:10     | Reached skill level 5 in Summonings
 10510 | D:10     | Reached skill level 5 in Necromancy
 10510 | D:10     | Reached skill level 5 in Translocations
 10510 | D:10     | Reached skill level 5 in Transmutations
 10510 | D:10     | Reached skill level 5 in Ice Magic
 10510 | D:10     | Reached skill level 5 in Air Magic
 10510 | D:10     | Reached skill level 5 in Earth Magic
 10510 | D:10     | Reached skill level 5 in Poison Magic
 10781 | D:10     | Learned a level 2 spell: Blink
 10781 | D:10     | Noticed a tengu warrior
 10829 | D:10     | Killed a tengu warrior
 11049 | D:10     | Noticed a two-headed ogre
 11113 | D:10     | Found a staircase to the Orcish Mines.
 11589 | D:9      | Killed a two-headed ogre
 11704 | D:10     | Killed a centaur warrior
 12056 | D:11     | Noticed Psyche
 12116 | D:11     | Killed Psyche
 12125 | D:11     | Noticed a manticore
 12284 | Lair:1   | Entered Level 1 of the Lair of Beasts
 12308 | Lair:1   | Noticed Joseph
 12323 | Lair:1   | Killed Joseph
 13421 | Lair:2   | Noticed a five-headed hydra
 13434 | Lair:2   | Killed a five-headed hydra
 13435 | Lair:2   | Reached XP level 12. HP: 51/96 MP: 13/23
 13956 | Lair:2   | Noticed Erica
 13969 | Lair:2   | Killed Erica
 14127 | Lair:2   | Found a staircase to the Shoals.
 14435 | Lair:2   | Noticed Urug
 14447 | Lair:2   | Killed Urug
 14840 | Lair:2   | Reached skill level 10 in Fighting
 14840 | Lair:2   | Reached skill level 10 in Short Blades
 15014 | Lair:2   | Found a staircase to the Snake Pit.
 15124 | Lair:3   | Found a frozen archway.
 15165 | IceCv    | Entered an ice cave
 15604 | IceCv    | HP: 4/97 [entropy weaver simulacrum (9)]
 15604 | IceCv    | Slain by an entropy weaver simulacrum

Illustrated notes

Levels and vault maps discovered:
D:1:      tarquinn_simple_flora_water_f, layout_loops_ring, serial_shops,
          nicolae_diamond_shop
D:2:      layout_basic
D:3:      layout_rooms, nrook_mini_vaults, uniq_terence, uniq_ijyb,
          uniq_sigmund, uniq_crazy_yiuf_cottage, uniq_robin
D:4:      layout_loops_ring, minmay_temple_entry_slanted,
          nicolae_concentric_dashed_squares_mild, guppyfry_early_lair_pool
D:5:      layout_loops_ring, kennysheep_small_spiral, minivault_24
D:6:      layout_cave_pods, nicolae_dithmenos_the_darkroom,
          portal_sewer_entry_e, serial_shops, kennysheep_mini_moat,
          roderic_cross_of_infinity, minmay_crystal_water
D:7:      layout_gridville, minmay_unpleasant_kobolds
D:8:      gammafunk_jiyva_shrine, layout_cave_pools,
          due_lair_maze_entry_diamond, serial_glass, glass_columns_a,
          glass_columns_a, glass_columns_b, glass_columns_b, item_on_display_a,
          feat_on_display, uniq_amaemon
D:9:      nicolae_cairo_tiling, layout_gridville,
          gammafunk_ghost_wrathful_warriors
D:10:     layout_loops_cross, orc_0_dummy, kennysheep_island_fort
D:11:     layout_cave_pools, uniq_sonja, uniq_josephine, uniq_psyche
Lair:1:   layout_loops_ring, chequers_serial_rivers_large_a,
          chequers_serial_rivers_marsh, nicolae_quartered_pool_medium,
          chequers_serial_rivers_micro_c, serial_bayou_ford_a, minivault_25,
          uniq_joseph
Lair:2:   layout_loops_ring, elwin_shoals_entry_stream,
          guppyfry_snake_entry_garden, minmay_stone_trees_large,
          nicolae_lair_grove_arrangements, uniq_erica, uniq_urug
Lair:3:   layout_cave_pods, portal_ice_cave_entry_ice_simulacra,
          chequers_serial_rivers_marsh, lemuel_fruit_fields,
          infiniplex_staircase_pool, lemuel_fruit_fields
IceCv:    ice_cave_small_necro

Skill      XL: |  1  2  3  4  5  6  7  8  9 10 11 12 |
---------------+-------------------------------------+-----
Invocations    | 1 2 3 4 5 6 7 8 |  8.3
Long Blades    | 1 2 3 4 5 6 7 |  7.6
Axes           | 1 2 3 4 5 6 7 |  7.6
Maces & Flails | 1 2 3 4 5 6 7 |  7.6
Polearms       | 1 2 3 4 5 6 7 |  7.6
Staves         | 1 2 3 4 5 6 7 |  7.6
Slings         | 1 2 3 4 5 6 7 |  7.6
Bows           | 1 2 3 4 5 6 7 |  7.6
Crossbows      | 1 2 3 4 5 6 7 |  7.6
Throwing       | 1 2 3 4 5 6 7 |  7.6
Armour         | 1 2 3 4 5 6 7 |  7.6
Dodging        | 1 2 3 4 5 6 7 |  7.6
Stealth        | 1 2 3 4 5 6 7 |  7.6
Shields        | 1 2 3 4 5 6 7 |  7.6
Unarmed Combat | 1 2 3 4 5 6 7 |  7.6
Evocations     | 1 2 3 4 5 6 7 |  7.6
Spellcasting   | 3 4 5 6 7 8 |  8.1
Conjurations   | 1 2 3 4 5 6 |  6.3
Hexes          | 1 2 3 4 5 6 |  6.3
Summonings     | 1 2 3 4 5 6 |  6.3
Necromancy     | 1 2 3 4 5 6 |  6.3
Translocations | 1 2 3 4 5 6 |  6.3
Transmutations | 1 2 3 4 5 6 |  6.3
Ice Magic      | 1 2 3 4 5 6 |  6.3
Air Magic      | 1 2 3 4 5 6 |  6.3
Earth Magic    | 1 2 3 4 5 6 |  6.3
Poison Magic   | 1 2 3 4 5 6 |  6.3
Fighting       | 7 8 9 10 | 10.1
Short Blades   | 7 8 9 10 | 10.1
Fire Magic     | 6 7 8 |  8.4

Action                   |  1- 3 |  4- 6 |  7- 9 | 10-12 || total
-------------------------+-------+-------+-------+-------++-------
Melee: Short sword       |    97 |   156 |   307 |       ||   560
       Bite              |     6 |    15 |    41 |    59 ||   121
       Punch             |       |       |    11 |    23 ||    34
       Mace              |       |       |    74 |    51 ||   125
       Demon whip        |       |       |       |   418 ||   418
Throw: Javelin           |       |       |     1 |     6 ||     7
 Cast: Scorch            |     8 |    11 |    61 |    63 ||   143
       Apportation       |       |     6 |     4 |     1 ||    11
       Poisonous Vapours |       |    21 |    18 |    14 ||    53
       Blink             |       |       |       |     3 ||     3
       Olgreb's Toxic Ra |       |       |       |     4 ||     4
Invok: Fiery Armour      |       |       |       |     2 ||     2
       Foxfire Swarm     |       |       |       |     1 ||     1
Evoke: Wand              |       |       |       |     8 ||     8
  Use: Scroll            |     4 |     1 |    11 |     9 ||    25
       Potion            |       |       |       |     1 ||     1
 Stab: Sleeping          |     1 |     1 |     3 |     2 ||     7
       Distracted        |       |     1 |       |     1 ||     2
Armor: Robe              |    28 |    25 |     2 |       ||    55
       Leather armour    |       |       |    17 |       ||    17
       Ring mail         |       |       |    70 |   153 ||   223
Dodge: Dodged            |    68 |   138 |   357 |   452 ||  1015

Table legend: (Time is in decaauts)
 A = Elapsed time spent in this place.
 B = Non-inter-level travel time spent in this place.
 C = Inter-level travel time spent in this place.
 D = Time resting spent in this place.
 E = Time spent auto-exploring this place.
 F = Levels seen in this place.
 G = Mean time per level.
                   A        B        C        D        E       F      G
               +--------+--------+--------+--------+--------+-----+--------+
         Total |  15474 |  14908 |    566 |    511 |  11723 |  16 |  967.1 |
       Dungeon |  11802 |  11272 |    530 |    275 |   8853 |  11 | 1072.9 |
          Lair |   2858 |   2822 |     36 |      0 |   2478 |   3 |  952.7 |
         Sewer |    379 |    379 |      0 |      0 |    284 |   1 |  379.0 |
      Ice Cave |    434 |    434 |      0 |    236 |    107 |   1 |  434.0 |
               +--------+--------+--------+--------+--------+-----+--------+

Top non-repeatable levels by time:
  Lair:2: 1686 daAuts
    D:10: 1528 daAuts
     D:2: 1491 daAuts
     D:5: 1317 daAuts
     D:1: 1251 daAuts
     D:6: 1145 daAuts
  Lair:1: 1134 daAuts
     D:7: 1064 daAuts
     D:8: 1019 daAuts
     D:4: 1003 daAuts
     D:9: 939 daAuts
     D:3: 938 daAuts
   IceCv: 434 daAuts
   Sewer: 379 daAuts
    D:11: 104 daAuts
